 Dungeon Crawl Stone Soup version 0.18-a0-1041-gbe91bf5 (webtiles) character file.

371 dvd the Chiller (level 6, -11/38 HPs)
             Began as an Octopode Ice Elementalist on Jan 10, 2016.
             Mangled by an ogre
             ... wielding a +0 giant club
              (16 damage)
             ... on level 4 of the Dungeon.
             The game lasted 00:12:20 (3497 turns).

dvd the Chiller (Octopode Ice Elementalist)         Turns: 3497, Time: 00:12:20

Health: -11/38     AC:  7    Str:  8    XL:     6   Next: 71%
Magic:  0/12       EV: 12    Int: 25    God:
Gold:   107        SH:  0    Dex: 12    Spells: 4 memorised, 3 levels left

rFire  . . .     SeeInvis .     c - +2 dagger (freeze)
rCold  . . .     Gourm    .     (no shield)
rNeg   . . .     Faith    .     (helmet restricted)
rPois  +         Spirit   .     (no amulet)
rElec  .         Dismiss  .     m - ring of poison resistance
rCorr  .         Reflect  .     r - +6 ring of intelligence
SustAt .         Harm     .     (no ring)
MR     .....                    (no ring)
Stlth  ++++......               (no ring)
                                (no ring)
                                (no ring)
                                (no ring)

@: icy armour, very slightly contaminated, not resistant to hostile
enchantments, stealthy
A: almost no armour, amphibious, 8 rings, constrict 8, camouflage 1, gelatinous
body 1
a: no special abilities


You were on level 4 of the Dungeon.
You were not hungry.

You visited 1 branch of the dungeon, and saw 4 of its levels.

You collected 107 gold pieces.

Inventory:

Hand Weapons
 c - a +2 dagger of freezing (weapon)
 l - a cursed +0 dagger
 o - a +1 vampiric spear
 p - a +0 war axe
 s - a +3 vampiric short sword
Jewellery
 m - a ring of poison resistance (left tentacle)
 r - a +6 ring of intelligence (right tentacle)
Scrolls
 d - 2 scrolls of identify {unknown}
 e - 4 scrolls of fear {unknown}
 h - a scroll of magic mapping {unknown}
 t - a scroll of fog {unknown}
Potions
 f - 3 potions of curing {unknown}
 j - a potion of agility {unknown}
 k - a potion of might {unknown}
 q - 2 potions of ambrosia {unknown}
Books
 a - a book of Frost

   Spells                             Type                      Level
   a - Freeze                         Ice                          1
   b - Throw Frost                    Conjuration/Ice              2
   c - Ozocubu's Armour               Charms/Ice                   3
   d - Throw Icicle                   Conjuration/Ice              4
   e - Summon Ice Beast               Ice/Summoning                4
   f - Condensation Shield            Ice                          4
Comestibles
 b - 2 bread rations
 g - 2 meat rations
 i - a chunk of flesh
 n - 2 fruits


   Skills:
 + Level 1.1 Fighting
 + Level 0.2 Short Blades
 + Level 2.7 Dodging
 + Level 4.2 Stealth
 * Level 4.1 Spellcasting
 + Level 1.4 Conjurations
 + Level 0.4 Charms
 * Level 4.8 Ice Magic


You had 3 spell levels left.
You knew the following spells:

 Your Spells              Type           Power        Failure   Level  Hunger
a - Freeze                Ice            ####         1%          1    None
b - Throw Frost           Conj/Ice       ###...       4%          2    None
c - Ozocubu's Armour      Chrm/Ice       ###.....     12%         3    ##.....
d - Condensation Shield   Ice            ####......   14%         4    ####...


Dungeon Overview and Level Annotations

Branches:
Dungeon (4/15)
 Temple: D:4-7

Altars:
Okawaru
Pakellas
Zin

Shops:
D:3 *


Innate Abilities, Weirdness & Mutations

You cannot wear most types of armour.
You are amphibious.
You can wear up to eight rings at the same time.
You can use your tentacles to constrict eight enemies at once.
Your skin changes colour to match your surroundings (Stealth).
Your rubbery body absorbs attacks (AC +1).


Message History

Press: ? - help, Shift-Dir - straight line, f/p - ogre
Aim: an ogre, wielding a giant club (heavily wounded)
You freeze the ogre.
The ogre is severely wounded.
Casting: Freeze
Confirm with . or Enter, or press ? or * to list all spells.
Aiming: Freeze
Press: ? - help, Shift-Dir - straight line, f/p - ogre
Aim: an ogre, wielding a giant club (severely wounded)
You freeze the ogre.
The ogre is severely wounded.
The ogre barely misses you.
You closely miss the ogre.
The ogre is severely wounded.
The ogre hits you with a giant club!
* * * LOW HITPOINT WARNING * * *
You hit the ogre. You freeze the ogre.
The ogre is almost dead.
The ogre hits you with a giant club!
You die...

######### #.......#
#.......#
#.......###################
.......<...................
>..........###.####.#######
...####...@# #.# #.# .
#...O###.####.#####
#.....##.##.......#
#...#.##.##.......#
#####..#.##.......#
##.#.##.......#
########...##.......#
#.....###..##.......#
+......O............#


You could see an ogre.

Vanquished Creatures
  An ogre (D:4)
  A scorpion (D:4)
  Ijyb (D:3)
  A centaur skeleton (D:4)
  Terence (D:3)
  A gnoll (D:1)
  5 adders
  2 oozes
  5 worms
  5 giant geckos
  10 bats
  A giant cockroach (D:1)
  5 hobgoblins
  10 jackals
  3 quokkas
  A ball python (D:2)
  3 giant newts
  14 goblins
  7 kobolds
  9 rats
86 creatures vanquished.

Notes
Turn   | Place    | Note
--------------------------------------------------------------
     0 | D:1      | dvd the Octopode Ice Elementalist began the quest for the Orb.
     0 | D:1      | Reached XP level 1. HP: 11/11 MP: 3/3
    37 | D:1      | Reached XP level 2. HP: 4/17 MP: 0/5
   332 | D:1      | Learned a level 2 spell: Throw Frost
   473 | D:1      | Reached XP level 3. HP: 19/21 MP: 4/6
   654 | D:1      | Learned a level 3 spell: Ozocubu's Armour
  1308 | D:2      | Reached XP level 4. HP: 20/27 MP: 6/8
  2241 | D:2      | Found an oddly glowing altar of Pakellas.
  2324 | D:2      | Reached XP level 5. HP: 32/32 MP: 6/9
  2390 | D:3      | Learned a level 4 spell: Condensation Shield
  2411 | D:3      | Noticed Ijyb
  2431 | D:3      | Killed Ijyb
  2431 | D:3      | Reached skill level 1 in Fighting
  2636 | D:3      | Reached skill level 4 in Stealth
  2779 | D:3      | Noticed Terence
  2787 | D:3      | Killed Terence
  2797 | D:3      | Found Zin's Purification Station.
  2800 | D:3      | Found a glowing silver altar of Zin.
  3009 | D:4      | Noticed an ogre
  3011 | D:4      | Noticed an ogre
  3262 | D:4      | Killed an ogre
  3262 | D:4      | Reached XP level 6. HP: 38/38 MP: 2/12
  3263 | D:4      | Found an iron altar of Okawaru.
  3497 | D:4      | Mangled by an ogre

Vault maps used:
D:1:      tarquinn_simple_flora_water_c
D:2:      grunt_pakellas_salt
D:3:      zin_purify, minivault_23, uniq_terence, uniq_iyjb
D:4:      first_bread, okawaru_metal_pillars_1_2, uniq_grinder, uniq_duvessa

Action                   |  1- 3 |  4- 6 || total
-------------------------+-------+-------++-------
Melee: Unarmed           |     4 |       ||     4
       Dagger            |    31 |    68 ||    99
 Cast: Freeze            |    27 |    39 ||    66
       Throw Frost       |     4 |    19 ||    23
       Ozocubu's Armour  |     3 |    16 ||    19
       Condensation Shie |       |     1 ||     1
 Stab: Sleeping          |    10 |    13 ||    23
  Eat: Chunk             |     2 |     9 ||    11
